[Event "*** Titled Tuesday Blitz"]
[Site "Chess.com"]
[Date "2021.03.30"]
[Round "3"]
[White "Kozok"]
[Black "attack2mateU"]
[Result "0-1"]
[WhiteElo "2496"]
[BlackElo "2758"]
[TimeControl "180+1"]
[EndTime "10:27:43 PDT"]
[Termination "attack2mateU won by resignation"]

1. e4 c5 2. Nf3 d6 3. d4 cxd4 4.
Nxd4 Nf6 5. Nc3 a6 6. Be2 e5 7.
Nb3 Be7 8. O-O O-O 9. a4 b6 10. Be3 Bb7 11. Bf3 Nc6 12. Qd2 Nb4 13. Rfd1 Rc8 14.
Nd5 Nfxd5 15. exd5 Nxc2 16. Rac1 Nxe3 17. fxe3 Qd7 18. a5 Qa4 19. Qd3 b5 20. Be4 g6 21. g4 Rc4 22. Nd2 Rxc1 23. Rxc1 Qxa5 24. Nf3 Bc8 25. g5 Bg4 26. h4 Qb4 27. Rc7 Bxf3 28. Bxf3 Qxh4 29. Bg2 Bxg5 30. Rc6 Qe1+ 31. Kh2 Bxe3 32.
Rc5 0-1

[Event "*** Titled Tuesday Blitz"]
[Site "Chess.com"]
[Date "2021.03.30"]
[Round "3"]
[White "chessmadara"]
[Black "londonkid"]
[Result "0-1"]
[WhiteElo "2208"]
[BlackElo "2501"]
[TimeControl "180+1"]
[EndTime "10:27:43 PDT"]
[Termination "londonkid won by resignation"]

1. e4 e6 2. d4 d5 3. Nc3 Nf6 4.
Bg5 dxe4 5. Nxe4 Nbd7 6. Nf3 Be7 7. Bxf6 Nxf6 8. Bd3 O-O 9. Qd2 b6 10. O-O-O Bb7 11. Nxf6+ Bxf6 12. Kb1 c5 13. dxc5 bxc5 14. Qf4 Qb6 15. Ne5 Rad8 16. Nc4 Qc6 17. Rhe1 Rd4 18.
Qe3 Ba6 19. Ne5 Bxe5 20. Qxe5 Bxd3 21. Rxd3 Rxd3 22. cxd3 Qxg2 23. Qxc5 Qxh2 24. Qxa7 h5 25. Qd4 Rc8 26. a4 Qc7 27. Re2 Qc1+ 28. Ka2 Qd1 29. Qe4 Rc1 30. Qa8+ Kh7 0-1

[Event "*** Titled Tuesday Blitz"]
[Site "Chess.com"]
[Date "2021.03.30"]
[Round "3"]
[White "monikarozman"]
[Black "Alliswell998"]
[Result "0-1"]
[WhiteElo "2265"]
[BlackElo "2635"]
[TimeControl "180+1"]
[EndTime "10:27:44 PDT"]
[Termination "Alliswell998 won by resignation"]

1. d4 c5 2. d5 Nf6 3. Nc3 g6 4. e4 d6 5. Nf3 Bg7 6. Bd3 O-O 7. O-O Na6 8. Re1 Nc7 9. h3 Rb8 10. a4 Nd7 11. Bf4 b6 12. Bh2 Ba6 13. Bb5 Bxb5 14.
axb5 Ra8 15. Qd3 Qc8 16. Ra4 a5 17. bxa6 b5 18. Ra5 Rxa6 19. Rea1 Rxa5 20. Rxa5 b4 21. Nd1 Qb7 22. Nd2 Ne5 23. Qe2 Ra8 24. Rxa8+ Qxa8 25. f4 Nd7 26. Nc4 Bd4+ 27. Nde3 Qa1+ 28. Qf1 Bxb2 29. Qxa1 Bxa1 30. e5 Bd4 31. Kf1 dxe5 32. fxe5 e6 33. d6 Nd5 34. Ng4 h5 35. Nf2 Ne3+ 36.
Ke2 Nxc4 0-1

[Event "*** Titled Tuesday Blitz"]
[Site "Chess.com"]
[Date "2021.03.30"]
[Round "3"]
[White "OriTaichman"]
[Black "DFeco"]
[Result "1-0"]
[WhiteElo "2543"]
[BlackElo "2320"]
[TimeControl "180+1"]
[EndTime "10:27:45 PDT"]
[Termination "OriTaichman won by resignation"]

1. e4 e5 2. d4 exd4 3. Qxd4 Nc6 4. Qe3 Nf6 5. Nc3 Be7 6. Bc4 O-O 7. Bd2 d6 8. O-O-O a6 9. f4 b5 10. Bb3 Bb7 11. Nf3 Nd7 12. Nd5 Nc5 13. Bc3 Nxb3+ 14. cxb3 a5 15. Nd4 b4 16. Nxc6 Bxc6 17. Bd4 Bxd5 18.
exd5 Bf6 19. Rhe1 Bxd4 20. Rxd4 Qd7 21. Re4 Qf5 22. Qd4 Rac8 23. h3 c6 24. dxc6 Rxc6+ 25. Kb1 h5 26. g4 hxg4 27. hxg4 Qxg4 28. Rg1 Rfc8 29. a4 Qxg1+ 30. Qxg1 d5 31. Re5 Rd6 32. Rg5 g6 33. f5 Kg7 34. Qd4+ Kg8 35. fxg6 fxg6 36.
Rxd5 Re6 37. Rd7 Re1+ 38. Ka2 1-0

[Event "*** Titled Tuesday Blitz"]
[Site "Chess.com"]
[Date "2021.03.30"]
[Round "3"]
[White "Revnov"]
[Black "Mamedyarov_twitch"]
[Result "0-1"]
[WhiteElo "2669"]
[BlackElo "2945"]
[TimeControl "180+1"]
[EndTime "10:27:46 PDT"]
[Termination "Mamedyarov_twitch won by checkmate"]

1. e4 c5 2. Nf3 e6 3. d4 cxd4 4. Nxd4 Nf6 5. Bd3 d5 6. e5 Nfd7 7. f4 Nc6 8. c3 Bc5 9. Nb3 Bb6 10.
Qe2 g5 11. N1d2 a5 12. Nf3 a4 13. Nbd4 g4 14. Ng1 Nxd4 15. cxd4 Bxd4 16. Be3 Qb6 17. Bxd4 Qxd4 18. g3 a3 19. O-O-O Ke7 20. Kb1 Nc5 21. Qc2 Bd7 22. Ne2 Qb4 23. Qc3 Qxb2+ 24. Qxb2 axb2 25. Nd4 Na4 26. Rd2 Rhc8 27. a3 Rc3 28. Ka2 Nc5 29.
Bb1 Raxa3+ 30. Kxb2 Na4# 0-1

[Event "*** Titled Tuesday Blitz"]
[Site "Chess.com"]
[Date "2021.03.30"]
[Round "3"]
[White "paulrusan"]
[Black "Klavdia_Nik"]
[Result "1-0"]
[WhiteElo "2304"]
[BlackElo "2014"]
[TimeControl "180+1"]
[EndTime "10:27:46 PDT"]
[Termination "paulrusan won by resignation"]

1. e4 g6 2. d4 Bg7 3. Nc3 d6 4. Be3 b6 5. Qd2 Bb7 6. O-O-O Nd7 7. h4 h5 8. Nh3 c5 9. Ng5 cxd4 10. Bxd4 Ngf6 11.
Bc4 O-O 12. f3 a6 13. Kb1 b5 14. Bb3 Rc8 15. g4 a5 16. Nxb5 Ba6 17. Nc3 Ne5 18.
gxh5 Nxh5 19. f4 Nc4 20. Bxc4 Rxc4 21. Bxg7 Kxg7 22. f5 Qc8 23. fxg6 fxg6 24. Qd5 Rf6 25. e5 Rf5 26. Rhe1 Nf4 27. Qxa5 dxe5 28. Rxe5 Rc5 29. Rxc5 Rxc5 30. Qb4 Kh6 31. Qxf4 1-0

[Event "*** Titled Tuesday Blitz"]
[Site "Chess.com"]
[Date "2021.03.30"]
[Round "3"]
[White "maximnovik"]
[Black "superchess02"]
[Result "0-1"]
[WhiteElo "2558"]
[BlackElo "2814"]
[TimeControl "180+1"]
[EndTime "10:27:47 PDT"]
[Termination "superchess02 won by resignation"]

1. Nf3 Nf6 2. g3 e6 3. Bg2 c5 4. O-O Nc6 5. d3 d5 6. Nbd2 Be7 7. e4 O-O 8. Re1 b5 9. e5 Nd7 10. Nf1 a5 11. h4 b4 12. Bf4 a4 13. N1h2 a3 14.
b3 f5 15. exf6 Bxf6 16. Rxe6 Bxa1 17. Qxa1 Bb7 18. Qe1 Re8 19. Bc7 Qc8 20. Bh3 Nf6 21. Ng5 Nd4 22. Re7 Rxe7 23. Qxe7 Qe8 24. Qxc5 Ne2+ 25.
Kf1 h6 26. Ne6 Bc8 27. Qe3 Nc3 28. f4 Nxa2 29. f5 Nc3 30. Be5 Bxe6 31. fxe6 a2 32. Bxc3 bxc3 0-1

[Event "*** Titled Tuesday Blitz"]
[Site "Chess.com"]
[Date "2021.03.30"]
[Round "3"]
[White "ChessWarrior3"]
[Black "The_filthy"]
[Result "1-0"]
[WhiteElo "2115"]
[BlackElo "2314"]
[TimeControl "180+1"]
[EndTime "10:27:47 PDT"]
[Termination "ChessWarrior3 won by resignation"]

1. e4 e6 2. d4 d5 3. Nc3 Nf6 4. e5 Nfd7 5. f4 c5 6. Nf3 Nc6 7. Be3 Be7 8. Qd2 a6 9. h4 b5 10.
h5 O-O 11. h6 g6 12. Be2 cxd4 13. Nxd4 Nxd4 14. Bxd4 Nc5 15. Qe3 Qc7 16. f5 b4 17.
f6 Bxf6 18. exf6 bxc3 19. Bxc5 cxb2 20. Rb1 Re8 21. Rxb2 e5 22. c3 Bf5 23. O-O d4 24.
cxd4 exd4 25. Qxd4 Rad8 26. Qf2 Qe5 27. Be7 Qxb2 28.
Bxd8 Rxd8 29. g4 Be6 30. g5 Qe5 31. Qg2 Bd5 32. Rd1 Rd6 33. Qg4 Qe3+ 34. Kf1 Qe8 35. Qg3 Rd8 36. Qc7 Rc8 37. Qd6 Be6 38. Qe7 Qc6 39. Rd8+ 1-0

[Event "*** Titled Tuesday Blitz"]
[Site "Chess.com"]
[Date "2021.03.30"]
[Round "3"]
[White "SameerMujumdar"]
[Black "SoldierOfGod1"]
[Result "0-1"]
[WhiteElo "2290"]
[BlackElo "2518"]
[TimeControl "180+1"]
[EndTime "10:27:48 PDT"]
[Termination "SoldierOfGod1 won by resignation"]

1. e4 c6 2. c4 d5 3. cxd5 cxd5 4.
exd5 Nf6 5. Nc3 Nxd5 6. Nf3 Nc6 7. d4 g6 8. Be2 Bg7 9. h3 O-O 10.
O-O h6 11. Be3 Be6 12. Qd2 Kh7 13. Rac1 a6 14. Ne4 Nxe3 15. fxe3 Bxa2 16. Nc5 Na5 17. b4 Nb3 18. Qxa2 Nxc1 19. Rxc1 Rb8 20. Bc4 e6 21.
Rf1 Qd6 22. Qb1 b5 23. Bd3 Rbc8 24. Qa2 Rc6 25. Be4 Rb6 26. Qf2 f5 27. Bb1 f4 28. e4 Rbb8 29. e5 Qe7 30. Qc2 Rf5 31. Qa2 Rb6 32. Bxf5 gxf5 33. d5 exd5 34. Qxd5 a5 35.
e6 axb4 36. Qxf5+ Kh8 37. Ne5 Qxc5+ 38. Kh1 Qxe5 0-1

[Event "*** Titled Tuesday Blitz"]
[Site "Chess.com"]
[Date "2021.03.30"]
[Round "3"]
[White "novocane"]
[Black "NiranjanNavalgund"]
[Result "0-1"]
[WhiteElo "2230"]
[BlackElo "2506"]
[TimeControl "180+1"]
[EndTime "10:27:48 PDT"]
[Termination "NiranjanNavalgund won on time"]

1. d4 Nf6 2. c4 Nc6 3. Nf3 e6 4. a3 d6 5. Nc3 g6 6. e4 Bg7 7. Be2 O-O 8. O-O Re8 9. Be3 e5 10.
d5 Nd4 11. Nxd4 exd4 12. Bxd4 Nxe4 13. Bxg7 Kxg7 14. Qd4+ Qf6 15. Qxf6+ Kxf6 16. Nxe4+ Rxe4 17. Bd3 Rd4 18. Rfd1 b6 19. f3 Bd7 20. Kf2 Re8 21. b3 a5 22. Rac1 h5 23. Be2 Rxd1 24. Bxd1 g5 25. b4 axb4 26. axb4 Ra8 27. c5 bxc5 28.
bxc5 Ra2+ 29. Ke3 Rxg2 30. cxd6 cxd6 31. Rc7 Bf5 32. Ba4 Rxh2 33. Be8 Bg6 34. Rd7 Ke5 35.
Ra7 Rb2 36. Bxf7 Rb3+ 37. Kf2 Bf5 38. Bxh5 Kf4 39. Rf7 Rb2+ 40. Ke1 Ke3 41. Kf1 Bh3+ 42. Kg1 Rg2+ 43. Kh1 Kf2 44. Bg4 Rg1+ 45. Kh2 Bg2 0-1

[Event "*** Titled Tuesday Blitz"]
[Site "Chess.com"]
[Date "2021.03.30"]
[Round "3"]
[White "anon219"]
[Black "MatyChess1"]
[Result "1-0"]
[WhiteElo "2858"]
[BlackElo "2615"]
[TimeControl "180+1"]
[EndTime "10:27:49 PDT"]
[Termination "anon219 won on time"]

1. e4 c5 2. Nf3 d6 3. Bb5+ Nd7 4. c3 Nf6 5. Bd3 g6 6. Bc2 Bg7 7. d4 O-O 8. a4 e6 9. O-O b6 10. Na3 Bb7 11. Re1 cxd4 12. cxd4 a6 13. Bf4 Qc7 14.
Rc1 e5 15. Bg5 h6 16. Bb1 Qd8 17. Bh4 Rc8 18. Nc4 Qe7 19. dxe5 dxe5 20. Qd6 Qxd6 21. Nxd6 Rxc1 22. Rxc1 Ba8 23. b4 a5 24. bxa5 bxa5 25. h3 Rb8 26. Bg3 Ne8 27. Nxe8 Rxe8 28. Rc7 Nb6 29.
Ba2 Rc8 30. Rxf7 Nc4 31. Ra7 Bxe4 32. Bxe5 Bxe5 33. Nxe5 Bd5 34. Nxg6 Bf7 35. Ne7+ 1-0

[Event "*** Titled Tuesday Blitz"]
[Site "Chess.com"]
[Date "2021.03.30"]
[Round "3"]
[White "mapleaff"]
[Black "NateSolon"]
[Result "0-1"]
[WhiteElo "2389"]
[BlackElo "2573"]
[TimeControl "180+1"]
[EndTime "10:27:49 PDT"]
[Termination "NateSolon won by resignation"]

1. d4 Nf6 2. c4 e6 3. Nf3 d5 4. Nc3 dxc4 5. Bg5 a6 6. g3 b5 7.
Bg2 Bb7 8. O-O Nbd7 9. a3 h6 10.
Bxf6 Nxf6 11. Ne5 Bxg2 12. Kxg2 c5 13. dxc5 Qc7 14. f4 Bxc5 15. a4 b4 16. Na2 Nd5 17. Nxc4 Qb7 18. Kh3 O-O 19. b3 Rfd8 20. Qc2 Rac8 21.
Rad1 Bf8 22. Rfe1 Ne3 23. Nxe3 Rxc2 24. Nxc2 Rc8 25. Ne3 Qe4 26. Rd3 g5 27. fxg5 hxg5 28. Red1 f5 29. Nc4 Qg4+ 30. Kg2 Qxe2+ 31. Kh1 Qxa2 0-1

[Event "*** Titled Tuesday Blitz"]
[Site "Chess.com"]
[Date "2021.03.30"]
[Round "3"]
[White "manitodeplomo"]
[Black "Romadk"]
[Result "1-0"]
[WhiteElo "2575"]
[BlackElo "2320"]
[TimeControl "180+1"]
[EndTime "10:27:49 PDT"]
[Termination "manitodeplomo won by checkmate"]

1. d4 Nf6 2. c4 e6 3. Nf3 d5 4.
Nc3 Bb4 5. Qa4+ Nc6 6. e3 O-O 7. Bd2 dxc4 8. Bxc4 Bd6 9. O-O e5 10. h3 Re8 11. a3 exd4 12. exd4 Ne4 13. Bxf7+ Kxf7 14. Nxe4 h6 15. Qb3+ Be6 16. d5 Bxd5 17. Qxd5+ Kg6 18.
Nxd6 cxd6 19. Bc3 Ne5 20. Rfd1 Nxf3+ 21. Qxf3 Qe7 22. Rd2 Rf8 23. Qd3+ Kf7 24. Qxd6 Qxd6 25. Rxd6 Rfe8 26. Rd7+ Re7 27. Rxe7+ Kxe7 28. Bxg7 h5 29. Re1+ Kf7 30. Bc3 Rc8 31. g3 b5 32. Kg2 a5 33. Re5 b4 34. axb4 axb4 35. Bxb4 Rc2 36. Bc3 Kg6 37. h4 Kh6 38. Rg5 Kh7 39. Rxh5+ Kg8 40.
Rg5+ Kh7 41. Re5 Kh6 42. g4 Kg6 43. Re6+ Kh7 44. Rb6 Kg8 45. Rb7 Kf8 46. h5 Kg8 47. h6 Rxc3 48. bxc3 Kh8 49. g5 Kg8 50. g6 Kh8 51.
Rb8# 1-0

[Event "*** Titled Tuesday Blitz"]
[Site "Chess.com"]
[Date "2021.03.30"]
[Round "3"]
[White "pavelalexandru07"]
[Black "Zipa5"]
[Result "1-0"]
[WhiteElo "2293"]
[BlackElo "1922"]
[TimeControl "180+1"]
[EndTime "10:27:51 PDT"]
[Termination "pavelalexandru07 won on time"]

1. d4 g6 2. c4 Bg7 3. e4 d6 4. Nc3 Nd7 5. Nf3 e5 6. Be3 Nh6 7. h3 f6 8. Be2 Nf7 9. Qd2 c6 10. O-O-O O-O 11. dxe5 dxe5 12. g4 Qe7 13. Kb1 Nc5 14.
Qc2 a5 15. Rhg1 Be6 16. Nd5 cxd5 17. cxd5 Rfc8 18. dxe6 Nxe6 19. Qd3 Qb4 20. a3 Qc4 21. Qxc4 Rxc4 22. Bxc4 Nf4 23. Bxf4 exf4 24. Rd7 Rf8 25.
Rgd1 1-0

[Event "*** Titled Tuesday Blitz"]
[Site "Chess.com"]
[Date "2021.03.30"]
[Round "3"]
[White "Oglob71"]
[Black "nikitadovbnya2008"]
[Result "1-0"]
[WhiteElo "2403"]
[BlackElo "2192"]
[TimeControl "180+1"]
[EndTime "10:27:52 PDT"]
[Termination "Oglob71 won on time"]

1. d4 Nf6 2. c4 e6 3. Nf3 d5 4. Qc2 Nbd7 5. Bg5 c6 6. cxd5 exd5 7. Nc3 Be7 8. e3 O-O 9. Bd3 Re8 10. O-O Nf8 11. h3 g6 12. Rab1 Ne6 13. Bxf6 Bxf6 14. b4 a6 15. a4 b5 16. Ne2 Bd7 17. a5 Ng5 18. Nxg5 Bxg5 19. Nc1 Bh6 20. Nb3 Qg5 21. f4 Qe7 22. Rf3 Rad8 23. Nc5 Bc8 24. Rbf1 f5 25. Qd2 Bf8 26. Rc1 Qf6 27. Bf1 Bd6 28. Nd3 Qe7 29. Rxc6 Bb7 30. Rc1 g5 31. Nc5 Bc8 32.
Rc3 g4 33. Rf2 Qh4 34. Re2 Kh8 35. Qe1 Qf6 36. Qf2 Rg8 37. hxg4 Rxg4 38. Rec2 Rdg8 39. Qf3 Qh6 40. Nd3 Rh4 41. Rxc8 Rh1+ 42. Kf2 Qh4+ 43. Ke2 1-0

[Event "*** Titled Tuesday Blitz"]
[Site "Chess.com"]
[Date "2021.03.30"]
[Round "3"]
[White "Ceejay271"]
[Black "TheCairnTerrier"]
[Result "1-0"]
[WhiteElo "2339"]
[BlackElo "2126"]
[TimeControl "180+1"]
[EndTime "10:27:52 PDT"]
[Termination "Ceejay271 won by resignation"]

1. d4 Nf6 2. Nf3 g6 3. c4 Bg7 4. Nc3 O-O 5. e4 d6 6. Be2 Na6 7. Bf4 e5 8. dxe5 dxe5 9. Qxd8 Rxd8 10. Bxe5 Re8 11. O-O Nxe4 12. Bxg7 Kxg7 13. Nxe4 Rxe4 14. Bd3 Re8 15. Rfe1 Bd7 16. Ne5 Be6 17. a3 Nc5 18. Bf1 Rad8 19. b4 Nd7 20. Nxd7 Rxd7 21. c5 b6 22. Bb5 Red8 23. Bxd7 Rxd7 24. Rad1 Bd5 25. c6 Rd6 26. Re5 Bxc6 27. Rxd6 cxd6 28. Re7 a5 29. Rc7 Be8 30. Rc8 Kf8 31. Rb8 axb4 32. axb4 b5 33. Kf1 Ke7 34. Ke2 h5 35. Ke3 Bd7 36. g3 Ke6 37. Kd4 Bc6 38. Rb6 Bd7 39. f4 Be8 40.
Rb8 Bd7 41. Ra8 Bc6 42. Ra1 Bd7 43. Re1+ Kf5 44. Kd5 Be6+ 45. Kxd6 Kg4 46. Rxe6 fxe6 47. Kxe6 Kh3 48. Kf6 Kxh2 49. Kxg6 Kxg3 50. f5 h4 51. f6 h3 52. f7 h2 53. f8=Q h1=Q 54. Qd6+ Kf2 55. Qd2+ Kg3 56. Qe3+ Kh2 57. Qh6+ Kg2 58. Qxh1+ Kxh1 59. Kf5 Kg2 60. Ke5 Kf2 61. Kd5 Ke3 62. Kc5 Kd3 63. Kxb5 1-0

[Event "*** Titled Tuesday Blitz"]
[Site "Chess.com"]
[Date "2021.03.30"]
[Round "3"]
[White "mac0504"]
[Black "KeithArkell"]
[Result "1-0"]
[WhiteElo "2444"]
[BlackElo "2609"]
[TimeControl "180+1"]
[EndTime "10:27:55 PDT"]
[Termination "mac0504 won by resignation"]

1. e4 c6 2. d4 d5 3. e5 c5 4. dxc5 Nc6 5. Nf3 Bg4 6. c3 e6 7. Be3 Bxf3 8. Qxf3 Nxe5 9. Bb5+ Nc6 10. O-O Nf6 11. c4 Be7 12. Nc3 a6 13. cxd5 Nxd5 14.
Nxd5 Qxd5 15. Qxd5 exd5 16. Ba4 Bf6 17. Rad1 Rd8 18. Rd2 O-O 19. Rfd1 d4 20. Bxc6 dxe3 21. Rxd8 exf2+ 22. Kxf2 Rxd8 23. Rxd8+ Bxd8 24. Bxb7 a5 25. Ke3 Kf8 26. Kd3 Bf6 27. b3 Be5 28. h3 Ke7 29.
Kc4 Kd7 30. Kb5 Bc7 31. Bd5 f5 32. a3 g5 33. b4 axb4 34. axb4 h5 35. Bf7 h4 36.
Bh5 Bd8 37. Bf3 Kc7 38. Kc4 g4 39. hxg4 h3 40. gxh3 fxg4 41. Bxg4 Kb7 42. Bf3+ Ka6 43. b5+ Ka5 44. b6 Bxb6 45. cxb6 Kxb6 46. Kd5 Kc7 47. Ke6 Kd8 48. Kf7 Kd7 49. h4 1-0

[Event "*** Titled Tuesday Blitz"]
[Site "Chess.com"]
[Date "2021.03.30"]
[Round "3"]
[White "TioCridineno"]
[Black "Alopekos"]
[Result "1-0"]
[WhiteElo "2269"]
[BlackElo "2401"]
[TimeControl "180+1"]
[EndTime "10:27:55 PDT"]
[Termination "TioCridineno won on time"]

1. e4 c5 2. Nf3 e6 3. d4 cxd4 4. Nxd4 Nc6 5. Nc3 Qc7 6. a3 a6 7. f4 d6 8. Be3 Nf6 9. Nb3 b5 10. Bd3 Bb7 11. O-O Be7 12. f5 Ne5 13. fxe6 fxe6 14.
Qe2 O-O 15. Kh1 Rac8 16. Nd4 Qd7 17. Rad1 Nc4 18. Bxc4 Rxc4 19. e5 dxe5 20. Nf5 Qc7 21. Nxe7+ Qxe7 22. Bg5 h6 23. Be3 Nd5 24. Rxf8+ Qxf8 25.
Nxd5 Bxd5 26. Rf1 Qa8 27. c3 Qe8 28. Rf2 Qg6 29. h3 Qg3 30. Kg1 Re4 31. Rf3 Qg6 32. Qf2 Kh7 33. Kh2 Qh5 34. Rg3 1-0

[Event "*** Titled Tuesday Blitz"]
[Site "Chess.com"]
[Date "2021.03.30"]
[Round "3"]
[White "lacafi"]
[Black "PlotnikovPavel"]
[Result "0-1"]
[WhiteElo "2209"]
[BlackElo "2501"]
[TimeControl "180+1"]
[EndTime "10:27:56 PDT"]
[Termination "PlotnikovPavel won on time"]

1. d4 e6 2. Nf3 f5 3. g3 Nf6 4.
Bg2 d5 5. O-O c6 6. c4 Bd6 7.
Nc3 O-O 8. b3 Qe7 9. Bb2 Bd7 10.
Ne5 Be8 11. Qc2 Ne4 12. f3 Bxe5 13. dxe5 Qc5+ 14. e3 Qxe3+ 15. Kh1 Nxc3 16. Bxc3 f4 17. Bb4 Bg6 18. Qb2 fxg3 19. Bxf8 Qh6 20. h3 Kxf8 21.
cxd5 cxd5 22. Qa3+ Kf7 23. Qd6 Bf5 24. Qc7+ Kg6 25.
Kg1 Bxh3 26. Bxh3 Qxh3 27. Qc2+ Qf5 28. Qxf5+ Kxf5 29. f4 Nc6 30. Kg2 Rc8 31. Kxg3 d4 32.
Rac1 Rd8 33. Rfd1 g5 34. fxg5 Kxg5 35. Rc4 Kf5 36. Re1 Rd5 37. Rc2 d3 38. Rf2+ Kg5 39.
Kh2 Nxe5 40. Rg1+ Ng4+ 41. Kh3 h5 0-1

[Event "*** Titled Tuesday Blitz"]
[Site "Chess.com"]
[Date "2021.03.30"]
[Round "3"]
[White "AniJak"]
[Black "korbul"]
[Result "0-1"]
[WhiteElo "2318"]
[BlackElo "2573"]
[TimeControl "180+1"]
[EndTime "10:27:56 PDT"]
[Termination "korbul won by checkmate"]

1. e4 c5 2. Nf3 e6 3. d4 cxd4 4. Nxd4 Nf6 5. Nc3 d6 6. Bd3 a6 7. O-O b5 8. a3 Bb7 9. Kh1 Nbd7 10. f4 Qc7 11. Bd2 g6 12. Qe2 Bg7 13. f5 gxf5 14.
exf5 e5 15. Ne4 O-O 16. Nb3 d5 17. Nxf6+ Nxf6 18. Bb4 e4 19. Bxf8 Rxf8 20. c3 exd3 21.
Qxd3 Kh8 22. Nd4 Ne4 23. Qh3 Bc8 24. Rad1 Qb6 25. Qh4 Qf6 26. Qxf6 Bxf6 27. Nc6 Bb7 28. Nb4 Rd8 29. Nc2 Kg7 30. Kg1 Be5 31. Rfe1 Rd6 32. f6+ Rxf6 33. Ne3 Bb8 34. Nxd5 Ba7+ 35. Ne3 Nf2 36.
Rd2 Ng4 37. Rd7 Bxe3+ 38. Rxe3 Nxe3 39. Rxb7 Rf1# 0-1

[Event "*** Titled Tuesday Blitz"]
[Site "Chess.com"]
[Date "2021.03.30"]
[Round "3"]
[White "tusplingher"]
[Black "eduardoperalta"]
[Result "0-1"]
[WhiteElo "2277"]
[BlackElo "2508"]
[TimeControl "180+1"]
[EndTime "10:27:56 PDT"]
[Termination "eduardoperalta won by resignation"]

1. e4 c5 2. d4 cxd4 3. c3 d3 4.
Bxd3 Nc6 5. Nf3 g6 6. O-O Bg7 7. c4 d6 8. h3 Nf6 9. Nc3 O-O 10.
Be3 b6 11. Rc1 Bb7 12. Bb1 Rc8 13. b3 Nd7 14. Nd5 Nc5 15. Nd4 Nxd4 16. Bxd4 e5 17.
Be3 Ne6 18. Qd2 f5 19. f3 Nd4 20. Bxd4 exd4 21. exf5 Bxd5 22. cxd5 gxf5 23. Rxc8 Qxc8 24. Rc1 Qd8 25. Bd3 Qh4 26. Qf2 Qf4 27. Rc7 Kh8 28.
g3 Qh6 29. Kg2 f4 30. g4 Re8 31. Be4 Qf6 32. Qd2 d3 33. Qxd3 Qh4 34. Qf1 Qg3+ 35. Kh1 Bd4 36. Qg2 Qe1+ 37. Kh2 Rxe4 38. fxe4 f3 39.
Rc8+ Kg7 40. Rc7+ Kg6 41. Qg3 Be5 0-1

[Event "*** Titled Tuesday Blitz"]
[Site "Chess.com"]
[Date "2021.03.30"]
[Round "3"]
[White "Aslanov_Umid"]
[Black "BursaBBSatranc"]
[Result "0-1"]
[WhiteElo "2416"]
[BlackElo "2610"]
[TimeControl "180+1"]
[EndTime "10:27:57 PDT"]
[Termination "BursaBBSatranc won by resignation"]

1. e4 e5 2. Nf3 Nf6 3. d4 Nxe4 4.
Nxe5 d5 5. Bd3 Nd7 6. Nxd7 Bxd7 7. O-O Bd6 8. c4 c6 9. cxd5 cxd5 10. Qh5 O-O 11.
Nc3 g6 12. Qh6 Nxc3 13. bxc3 Re8 14. Bg5 Qc7 15. Rac1 b5 16. f4 Re3 17. f5 Bf8 18.
Qh4 Rxd3 19. fxg6 hxg6 20. Rxf7 Kxf7 21. Qh7+ Bg7 22. Rf1+ Bf5 23. Rxf5+ gxf5 24. Qxf5+ Kg8 25. Qe6+ Qf7 0-1

[Event "*** Titled Tuesday Blitz"]
[Site "Chess.com"]
[Date "2021.03.30"]
[Round "3"]
[White "m-garcett"]
[Black "steka121"]
[Result "0-1"]
[WhiteElo "2120"]
[BlackElo "2375"]
[TimeControl "180+1"]
[EndTime "10:27:57 PDT"]
[Termination "steka121 won by resignation"]

1. e4 c5 2. Nf3 Nc6 3. d4 cxd4 4.
Nxd4 Nf6 5. Nc3 d6 6. Bc4 Qb6 7. Nb3 e6 8. O-O Be7 9. Be3 Qc7 10. f4 a6 11. f5 O-O 12. Kh1 b5 13. Bd3 Bb7 14.
Nd4 Nxd4 15. Bxd4 b4 16. Bxf6 Bxf6 17. Na4 exf5 18. Rxf5 Be5 19. c3 g6 20. Rf2 a5 21.
Rc1 Rac8 22. Rfc2 Qd8 23. cxb4 Qh4 24. Qg1 Rxc2 25. Rxc2 axb4 26. Nb6 Bxe4 27. Bxe4 Qxe4 28. Rc4 Qe2 29. Rxb4 Bxb2 30. Nd7 Rc8 31. Rb8 Rxb8 32. Nxb8 Qb5 33. Qa7 Be5 34. g3 Qd5+ 35. Kg1 Bd4+ 0-1

[Event "*** Titled Tuesday Blitz"]
[Site "Chess.com"]
[Date "2021.03.30"]
[Round "3"]
[White "woodhy"]
[Black "Supernotar"]
[Result "0-1"]
[WhiteElo "2453"]
[BlackElo "2707"]
[TimeControl "180+1"]
[EndTime "10:27:58 PDT"]
[Termination "Supernotar won by resignation"]

1. e4 c6 2. d4 d5 3. Nc3 dxe4 4. Nxe4 Bf5 5. Ng3 Bg6 6. Nf3 Nd7 7. h4 h6 8. Bd3 Bxd3 9. Qxd3 e6 10. Bf4 Ngf6 11.
O-O-O Be7 12. Kb1 O-O 13. Ne4 Nxe4 14. Qxe4 Nf6 15. Qe2 Qd5 16. Rhg1 Qe4 17. Be3 Ng4 18. Nd2 Qf5 19. g3 Rad8 20. f3 Nxe3 21. Qxe3 c5 22. Ne4 cxd4 23. Rxd4 Rxd4 24. Qxd4 Qxf3 25. a3 Rd8 26.
Qc4 b5 27. Qc6 Rd5 28. Qe8+ Bf8 29. Nc3 Rd2 30. Nxb5 Rxc2 31. Kxc2 Qf2+ 32. Kb1 Qxg1+ 33. Ka2 Qxg3 34. Nxa7 Qxh4 35. Nc8 Qc4+ 36. Ka1 Qc1+ 37. Ka2 Qc5 38. b4 Qc2+ 39. Ka1 Qc1+ 40. Ka2 Qd2+ 41.
Kb1 Qg5 42. b5 h5 43. b6 h4 44. Ne7+ Qxe7 45. Qxe7 Bxe7 46. a4 h3 47. a5 h2 48. a6 h1=Q+ 0-1

[Event "*** Titled Tuesday Blitz"]
[Site "Chess.com"]
[Date "2021.03.30"]
[Round "3"]
[White "A-Fier"]
[Black "InitiatingASC"]
[Result "1-0"]
[WhiteElo "2668"]
[BlackElo "2435"]
[TimeControl "180+1"]
[EndTime "10:27:58 PDT"]
[Termination "A-Fier won by checkmate"]

1. d4 Nf6 2. c4 g6 3. Nc3 Bg7 4. e4 d6 5. Be2 O-O 6. Bg5 Nc6 7. d5 Nb8 8. Qd2 a6 9. h4 b5 10. h5 b4 11. Bxf6 Bxf6 12. hxg6 fxg6 13. Nd1 a5 14. Nf3 Na6 15. Qh6 Rf7 16. Ng5 Bxg5 17. Qxg5 Nc5 18. f3 Bd7 19. Ne3 e5 20. Qxd8+ Rxd8 21. Kd2 a4 22. Raf1 Ra8 23. Rh2 c6 24. Nc2 b3 25.
axb3 Nxb3+ 26. Kc3 c5 27. Bd3 Be8 28. Na3 Nd4 29.
Bc2 Rb7 30. Rb1 Rab8 31. Bd1 Rb4 32. Rh1 Bd7 33. Rf1 Bc8 34. Rf2 Ba6 35. g3 Rf8 36. f4 g5 37. f5 Kg7 38. Rh2 Rfb8 39. Bc2 Nxc2 40. Kxc2 Bxc4 41. Kc3 Bb3 42. Rbh1 Rh8 43. Rh6 Rxe4 44. Rxd6 Re3+ 45. Kd2 Rxg3 46. Nb5 Rg2+ 47. Ke3 Rxb2 48. Rd7+ Kf6 49. Nd6 g4 50. Rh6+ Kg5 51. Nf7+ Kxf5 52. Nxh8 a3 53. Rhxh7 g3 54. Rdf7+ Kg4 55.
Ng6 g2 56. Nxe5+ Kg3 57. Rf3# 1-0

[Event "*** Titled Tuesday Blitz"]
[Site "Chess.com"]
[Date "2021.03.30"]
[Round "3"]
[White "GMJustin"]
[Black "dhaessel"]
[Result "1-0"]
[WhiteElo "2303"]
[BlackElo "2009"]
[TimeControl "180+1"]
[EndTime "10:27:58 PDT"]
[Termination "GMJustin won on time"]

1. e4 e5 2. a3 Nf6 3. Nc3 Nc6 4.
Nf3 a5 5. d4 exd4 6. Nxd4 Bc5 7. Be3 Nxd4 8. Bxd4 Bxd4 9. Qxd4 d6 10. Bc4 O-O 11. O-O Be6 12. Rad1 Qe7 13. Rfe1 Rad8 14. Nd5 Bxd5 15. exd5 Qd7 16. Qd3 Qg4 17. h3 Qg6 18. Qxg6 hxg6 19. Bb5 Nxd5 20. Rxd5 c6 21. Rg5 cxb5 22.
Rxb5 Rc8 23. c3 Rc5 24. Rxb7 Rf5 25. Re2 Rc8 26. Rd2 Rc6 27. f3 Re5 28. Kf2 g5 29. Rd7 1-0